 Dungeon Crawl Stone Soup version 0.29.1-12-g30fa7ad0bf (webtiles) character file.

Game seed: 8002130330373899205

53 growler the Cudgeller (level 3, -3/27 HPs)
             Began as a Demonspawn Wanderer on Jan 10, 2023.
             Slain by Grinder (4 damage)
             ... on level 3 of the Dungeon.
             The game lasted 00:03:28 (2820 turns).

growler the Cudgeller (Demonspawn Wanderer)         Turns: 2820, Time: 00:03:29

Health: -3/27      AC:  3    Str: 16    XL:     3   Next: 62%
Magic:  6/6        EV: 12    Int: 13    God:
Gold:   173        SH:  4    Dex: 16    Spells: 3/6 levels left

rFire   . . .      SeeInvis .   a - +2 mace
rCold   . . .      Faith    .   (no shield)
rNeg    . . .      Spirit   .   e - +0 robe
rPois   .          Reflect  .   (no helmet)
rElec   .          Harm     .   (no cloak)
rCorr   .          Rampage  .   (no gloves)
Will    .....                   c - +0 pair of boots
Stlth   +.........              (no amulet)
HPRegen 0.09/turn               f - +6 ring of strength
MPRegen 0.10/turn               (no ring)

@: no status effects
A: condensation shield, demonic magic 1
a: no special abilities


You were on level 3 of the Dungeon.
You visited 1 branch of the dungeon, and saw 3 of its levels.

You collected 173 gold pieces.

Inventory:

Hand Weapons
 a - a +2 mace (weapon)
 b - a +0 falchion
Missiles
 m - a throwing net (quivered)
Armour
 c - a +0 pair of boots (worn)
 e - a +0 robe (worn)
Jewellery
 f - a +6 ring of strength (left hand)
Wands
 s - a wand of charming (6)
Scrolls
 g - 2 scrolls of summoning {unknown}
 j - a scroll of fog {unknown}
 k - 2 scrolls of magic mapping {unknown}
 p - 5 scrolls of identify {unknown}
 q - a scroll of immolation {unknown}
 r - a scroll of silence {unknown}
Potions
 d - a potion of invisibility
 h - a potion of berserk rage {unknown}
 i - 2 potions of lignification {unknown}
 l - a potion of ambrosia {unknown}
 n - 2 potions of curing
 o - a potion of heal wounds {unknown}
 t - a potion of haste {unknown}


   Skills:
 - Level 2.1 Fighting
 - Level 1.7 Long Blades
 - Level 2.6 Maces & Flails
 - Level 1.7 Throwing
 - Level 1.7 Dodging
 + Level 2.2 Spellcasting
 + Level 0.9 Necromancy


You had 3 spell levels left.
You knew the following spells:

 Your Spells              Type           Power      Damage    Failure   Level
a - Vampiric Draining     Necr           3%         2d6       45%         3

Your spell library contained the following spells:

 Spells                   Type           Power      Damage    Failure   Level
 Necrotise                Necr           12%        1d4       17%         1
 Agony                    Necr           3%         N/A       99%         5


Dungeon Overview and Level Annotations

Branches:
Dungeon (3/15)

Altars:
Qazlal

Annotations:
D:3 Grinder


Innate Abilities, Weirdness & Mutations

A meltable shield of frost defends you. (SH +4)
Spells you cast may paralyse adjacent enemies.


Message History

You hit the rat.
You kill the rat!
No target in view!
You now have 173 gold pieces (gained 10).
You open the door.
You see here a +0 short sword.
Grinder comes into view.
Grinder shouts!
Grinder is nearby!
Okay, then.
Okay, then.
Throw: 2 throwing nets
Press: ? - help, Q - select action, (/) - cycle Shift-Dir - straight line, f - Grinder
Aim: Grinder (57% to hit)
You throw a throwing net. The throwing net hits Grinder.
Grinder is caught in the net!
Grinder blinks!
Found a scroll labelled RUKAITT AHAF.
Grinder gestures at you.
You suddenly lose the ability to move!
Grinder blinks!
You can move again.
Grinder blinks!
Grinder hits you but does no damage.
You hit Grinder.
Grinder is lightly wounded.
Grinder hits you.
You hit Grinder but do no damage.
Grinder is lightly wounded.
Grinder hits you! Grinder hits you.
You writhe in agony.
You hit Grinder.
Grinder is moderately wounded.
Grinder hits you.
* * * LOW HITPOINT WARNING * * *
You writhe in agony.
* * * LOW HITPOINT WARNING * * *
You hit Grinder.
Grinder is moderately wounded.
Grinder hits you.
You die...

########'#.##.#...######..
#.#.##.#...########
#...##.#...'......#
######.#...#####.##
#)##### #.## #########.#
#... #.........# ####
#.############
#.#.5@....(..#
#....#######?# #.#### ###


You could see Grinder.

Vanquished Creatures
  2 adders
  2 dart slugs (D:3)
  3 bats
  3 endoplasms (D:2)
  2 giant cockroaches
  3 goblins
  2 hobgoblins (D:1)
  2 kobolds (D:1)
  2 quokkas
  2 ball pythons (D:1)
  3 frilled lizards
  3 rats
29 creatures vanquished.

Notes
Turn   | Place    | Note
-------+----------+-------------------------------------------
     0 | D:1      | growler the Demonspawn Wanderer began the quest for the
                  | Orb.
     0 | D:1      | growler set off with the following items: a +2 mace, a +0
                  | falchion, a +0 pair of boots, a potion of invisibility, a
                  | +0 robe.
     0 | D:1      | Reached XP level 1. HP: 13/13 MP: 2/2
   163 | D:1      | Reached skill level 1 in Fighting
   297 | D:1      | Gained mutation: Spells you cast may paralyse adjacent
                  | enemies. [demonic ancestry]
   297 | D:1      | Reached XP level 2. HP: 15/22 MP: 3/3
   572 | D:1      | Found a faded altar of an unknown god.
  1194 | D:2      | Found a stormy altar of Qazlal.
  1632 | D:2      | Identified the +3 kite shield of Zuteton {Rampage Str+3
                  | Dex-2 Stlth+}
  1640 | D:2      | Gained mutation: A meltable shield of frost defends you.
                  | (SH +4) [demonic ancestry]
  1640 | D:2      | Reached XP level 3. HP: 20/27 MP: 5/5
  1986 | D:3      | Learned a level 3 spell: Vampiric Draining
  2604 | D:3      | Found a stormy altar of Qazlal.
  2807 | D:3      | Noticed Grinder
  2811 | D:3      | Paralysed by Grinder for 2 turns
  2819 | D:3      | HP: 1/27 [Grinder (5)]
  2820 | D:3      | Slain by Grinder

Illustrated notes

Levels and vault maps discovered:
D:1:      dpeg_arrival_castle, layout_rooms, basic_ecumenical_altar,
          minmay_misc_feat_columns, hangedman_abyss_or_decor_lesser_grid,
          minmay_misc_feat_doors, kennysheep_pointless_box
D:2:      layout_rooms, basic_altar
D:3:      layout_basic, marbit_many_paths, chequers_serial_rivers_micro_a,
          uniq_grinder

Skill      XL: |  1  2  3 |
---------------+----------+-----
Fighting       | 1 2 |  2.1
Spellcasting   | 2 |  2.2
Long Blades    | |  1.7
Maces & Flails | |  2.6
Throwing       | |  1.7
Dodging        | |  1.7
Necromancy     | |  0.9

Action                   || total
-------------------------++-------
Melee: Mace              ||   100
Throw: Throwing net      ||     3
  Use: Potion            ||     1
 Stab: Sleeping          ||     3
Armor: Robe              ||    27
Dodge: Dodged            ||    69
Block: Other             ||     5
